 Dungeon Crawl Stone Soup version 0.31-a0-931-g7b59d4eb97 (webtiles) character file.

Game seed: 10220322133075421837

3152 lunkers the Martial Artist (level 10, -6/81 HPs)
             Began as a Meteoran Shapeshifter on Oct 19, 2023.
             Was a Believer of Okawaru.
             Shot with an arrow by a centaur (11 damage)
             ... on level 8 of the Dungeon.
             The game lasted 00:10:33 (3280 turns).

lunkers the Martial Artist (Meteoran Shapeshifter)  Turns: 3280, Time: 00:10:33

Health: -6/81      AC:  8    Str: 20    XL:     10   Next: 37%
Magic:  11/11      EV: 12    Int: 12    God:    Okawaru [**....]
Gold:   433        SH:  0    Dex: 19    Spells: 9/9 levels left

rFire   . .          .
                       - Unarmed
rCold   . . .        (shield currently unavailable)
rNeg    + . .        a - melded +0 animal skin
rPois   .            (helmet currently unavailable)
rElec   .            (cloak currently unavailable)
rCorr   +            (gloves currently unavailable)
SInv    .            (boots currently unavailable)
Will    +....        (no amulet)
Stlth   +            f - ring of resist corrosion
HPRegen 0.33/turn    n - ring of positive energy
MPRegen 0.12/turn

%: no passive effects
@: snake-form, glowing
A: constrict, large, sense surroundings 2, otherworldly, glowing, explore regen
a: Begin Untransformation, Renounce Religion, Heroism


You were on level 8 of the Dungeon.
You worshipped Okawaru.
Okawaru was pleased with you.
You were an enormous anaconda.
You visited 3 branches of the dungeon, and saw 10 of its levels.

You collected 433 gold pieces.

Inventory:

Missiles
 g - a throwing net
Armour
 a - a +0 animal skin (melded)
 l - a +2 robe of willpower
 m - +0 steam dragon scales
Jewellery
 f - a ring of resist corrosion (left hand)
 n - a ring of positive energy (right hand)
Talismans
 c - a beast talisman
 d - a flux talisman
 h - a serpent talisman (active)
 j - a blade talisman
Wands
 b - a wand of acid (12)
 p - a wand of iceblast (6)
 q - a wand of polymorph (11)
Scrolls
 e - 2 scrolls of teleportation
 i - 3 scrolls of fog
 k - 3 scrolls of identify
Potions
 o - 3 potions of cancellation
 s - a potion of heal wounds
 v - 2 potions of might


   Skills:
 + Level 4.9 Fighting
 + Level 5.2 Dodging
 * Level 12.2 Unarmed Combat
 + Level 8.5 Shapeshifting


You had 9 spell levels left.
You didn't know any spells.
Your spell library was empty.

Dungeon Overview and Level Annotations

Branches:
Dungeon (8/15) Zot: 1655   Temple (1/1) D:4 Zot: 571    Lair (1/5) D:8 Zot: 545

Altars:
Ashenzari
Elyvilon
Fedhas
Gozag
Hepliaklqana
Kikubaaqudgha
Makhleb
Okawaru
Qazlal
Ru
Sif Muna
Uskayaw
Wu Jian
Zin
The Shining One

Shops:
D:3 *   D:5 ?*(

Annotations:
D:3 3 runed translucent doors, Xavori's ghost, amateur OpCK


Innate Abilities, Weirdness & Mutations

You are an enormous anaconda.
You have a powerful constriction melee attack.
Your armour is entirely melded.
You are incapable of wielding weapons or throwing items.
You passively map the area around you.
You are easily found by Zot.
You glow in the dark.
You regain HP and MP as you explore.


Message History

The yak gores you but does no damage.
You climb upwards.
Welcome back to the Dungeon!
There is a staircase to the Lair here.
Unknown command.
You body-slam the yak!!
You grab the yak.
The yak is severely wounded.
You constrict the yak. The yak gores you.
* * * LOW HITPOINT WARNING * * *
You hit the yak.
The yak is severely wounded.
You constrict the yak. The yak gores you but does no damage.
Unknown command.
You body-slam the yak!!
You kill the yak!
Okawaru accepts your kill.
Unknown command.
You see here a yak corpse.
Found a stone staircase leading down.
Found 12 gold pieces.
A centaur comes into view.
The centaur shouts!
The centaur wields a +0 orcbow of electrocution.
You hear the crackle of electricity.
The centaur shoots an arrow.
The arrow hits you!
* * * LOW HITPOINT WARNING * * *
The centaur shoots an arrow.
The arrow barely misses you.
The centaur shoots an arrow.
The arrow barely misses you.
The centaur shoots an arrow.
The arrow hits you.
* * * LOW HITPOINT WARNING * * *
An orc comes into view. It is wielding a +0 whip.
The centaur shoots an arrow.
The arrow hits you!
* * * LOW HITPOINT WARNING * * *
You are electrocuted!
* * * LOW HITPOINT WARNING * * *
The orc shouts!
You hear a shout! x2
The centaur shoots an arrow.
The arrow hits you.
* * * LOW HITPOINT WARNING * * *
You are electrocuted!
You die...

.............### ,
#.$............###### #
#............#...≈.. *..
##.............#...#
...#.............##..P#
,..............#...PPPP
#..>.!.......#≈..P>P.
...####.........#.....†.
.......S..........##PPP#
#..................#...#
#....c......##...#...≈..
###..........##...######
##.....#..###....#..##
#....##...###.##.....
#...###........ #....
##o. *##.......#..## * ,
,*#....###


You could see a centaur and an orc.

Vanquished Creatures
  Pikel (D:4)
  Maggie (D:7)
  Sigmund (D:3)
  4 yaks (D:8)
  Eustachio (D:6)
  Edmund (D:4)
  A water moccasin (D:7)
  2 black bears (D:5)
  An ice beast (D:6)
  2 ogres
  A centaur (D:7)
  2 lemures (D:4)
  A bullfrog (D:6)
  5 killer bees (D:7)
  A howler monkey (D:4)
  2 jellies
  A sleepcap (D:5)
  A hound (D:5)
  Terence (D:3)
  Jessica (D:3)
  2 orc wizards
  5 gnolls
  9 adders
  2 shadow imps
  A white imp (D:7)
  A worm (D:2)
  3 dart slugs
  12 orcs
  2 endoplasms (D:2)
  4 giant cockroaches
  39 goblins
  26 hobgoblins
  3 quokkas
  7 ball pythons
  3 frilled lizards
  10 kobolds
  A rat (D:1)
161 creatures vanquished.

Notes
Turn   | Place    | Note
-------+----------+-------------------------------------------
     0 | D:1      | lunkers the Meteoran Shapeshifter began the quest for the
                  | Orb.
     0 | D:1      | Reached XP level 1. HP: 16/16 MP: 2/2
   152 | D:1      | Reached XP level 2. HP: 17/23 MP: 3/3
   154 | D:1      | Reached skill level 4 in Unarmed Combat
   289 | D:1      | Reached XP level 3. HP: 28/28 MP: 4/4
   475 | D:2      | Reached XP level 4. HP: 6/35 MP: 5/5
   563 | D:2      | Reached skill level 5 in Unarmed Combat
   692 | D:3      | Identified the "Voxoj"
   783 | D:3      | Noticed Sigmund
   789 | D:3      | Killed Sigmund
   790 | D:3      | Reached skill level 6 in Unarmed Combat
   790 | D:3      | Reached skill level 5 in Shapeshifting
   790 | D:3      | Reached XP level 5. HP: 8/40 MP: 6/6
   790 | D:3      | Reached XP level 6. HP: 9/47 MP: 7/7
   912 | D:3      | Noticed Jessica
   913 | D:3      | Killed Jessica
  1056 | D:3      | Noticed Terence
  1062 | D:3      | Killed Terence
  1063 | D:3      | Reached skill level 7 in Unarmed Combat
  1068 | D:3      | Found Jixaibrel's Assorted Antiques.
  1101 | D:3      | Found a runed translucent gate.
  1101 | D:3      | Found a runed translucent gate.
  1101 | D:3      | Found a runed translucent gate.
  1104 | D:3      | Noticed Xavori's ghost (amateur OpCK)
  1178 | D:4      | Reached XP level 7. HP: 24/52 MP: 8/8
  1321 | D:4      | Noticed Pikel
  1344 | D:4      | Killed Pikel
  1345 | D:4      | Reached skill level 9 in Unarmed Combat
  1345 | D:4      | Reached XP level 8. HP: 23/59 MP: 9/9
  1705 | D:4      | Found a staircase to the Ecumenical Temple.
  1728 | Temple   | Entered the Ecumenical Temple
  1743 | Temple   | Became a worshipper of Warmaster Okawaru
  1784 | D:4      | Noticed Edmund
  1789 | D:4      | Killed Edmund
  1816 | D:5      | Entered Level 5 of the Dungeon
  1841 | D:5      | Reached skill level 10 in Unarmed Combat
  1841 | D:5      | Gained mutation: You passively map the area around you.
                  | [Meteoran growth]
  1841 | D:5      | Reached XP level 9. HP: 57/67 MP: 10/10
  2026 | D:5      | Identified the +4 sling of Doom {flame, rN+ Will+ Int-4
                  | Dex+3}
  2090 | D:5      | Found Pierill's General Store.
  2091 | D:5      | Found Noimmel's Magic Scroll Boutique.
  2092 | D:5      | Found Xisayghu's Weapon Boutique.
  2508 | D:6      | Reached * piety under Okawaru
  2523 | D:6      | Found an ancient bone altar of Kikubaaqudgha.
  2668 | D:6      | Noticed Eustachio
  2686 | D:6      | Killed Eustachio
  2732 | D:6      | Reached skill level 11 in Unarmed Combat
  2990 | D:7      | Noticed Maggie
  3002 | D:7      | Reached ** piety under Okawaru
  3012 | D:7      | Killed Maggie
  3013 | D:7      | Reached XP level 10. HP: 24/78 MP: 11/11
  3163 | D:8      | Reached skill level 5 in Dodging
  3163 | D:8      | Reached skill level 12 in Unarmed Combat
  3178 | D:8      | Found a staircase to the Lair.
  3206 | Lair:1   | Entered Level 1 of the Lair of Beasts
  3280 | D:8      | Shot with an arrow by a centaur

Illustrated notes

Levels and vault maps discovered:
D:1:      evilmike_arrival_hilbert_curve, layout_loops_ring, nicolae_titane
D:2:      layout_loops_ring, nicolae_elevator_lobby_asterisk
D:3:      layout_basic, trog_book, serial_shops, shop,
          ebering_ghost_rock_garden, uniq_terence, uniq_sigmund, uniq_jessica
D:4:      minmay_goblin_kobold_castle, layout_basic, temple_pool_b, uniq_pikel,
          uniq_edmund
D:5:      layout_loops_ring, wad_floor_pattern_untrapped,
          nicolae_shop_distant_corner_stores
D:6:      layout_layer_cave, kiku_gazebo_garden_becter, grunt_decor_resistance,
          kennysheep_generic_room_6, uniq_eustachio
D:7:      layout_loops_ring, uniq_maggie
D:8:      layout_cave_pools, dpeg_oklobed_lair, minmay_misc_feat_ornament,
          serial_park_tiny_2, serial_bayou_pond_e
Temple:   nicolae_temple_great_sept
Lair:1:   layout_regular_city, pdpol_lair_neglected_garden,
          bh_autumn_forest_stairs

Skill      XL: |  1  2  3  4  5  6  7  8  9 10 |
---------------+-------------------------------+-----
Unarmed Combat | 4 6 7 9 10 11 12 | 12.2
Shapeshifting  | 4 5 6 7 8 |  8.5
Fighting       | 4 |  4.9
Dodging        | 4 5 |  5.2

Action                     |  1- 3 |  4- 6 |  7- 9 | 10-12 || total
---------------------------+-------+-------+-------+-------++-------
  Melee: Unarmed           |    61 |    35 |   208 |    31 ||   335
         Constrict         |     5 |     7 |    46 |     8 ||    66
    Use: Potion            |       |       |     1 |       ||     1
         Scroll            |       |       |    11 |       ||    11
 Armour: Animal skin       |    27 |       |       |       ||    27
         Skin              |     8 |    17 |   136 |    34 ||   195
  Dodge: Dodged            |    31 |    14 |    92 |    11 ||   148
   Form: Anaconda          |     1 |       |       |       ||     1

Table legend: (Time is in decaauts)
 A = Elapsed time spent in this place.
 B = Non-inter-level travel time spent in this place.
 C = Inter-level travel time spent in this place.
 D = Time resting spent in this place.
 E = Time spent auto-exploring this place.
 F = Levels seen in this place.
 G = Mean time per level.
                   A        B        C        D        E       F      G
               +--------+--------+--------+--------+--------+-----+--------+
         Total |   3226 |   3162 |     64 |    117 |   2032 |  10 |  322.6 |
       Dungeon |   3143 |   3079 |     64 |    117 |   2002 |   8 |  392.9 |
        Temple |     28 |     28 |      0 |      0 |      0 |   1 |   28.0 |
          Lair |     54 |     54 |      0 |      0 |     30 |   1 |   54.0 |
               +--------+--------+--------+--------+--------+-----+--------+

Top non-repeatable levels by time:
     D:4: 639 daAuts
     D:5: 535 daAuts
     D:6: 532 daAuts
     D:3: 431 daAuts
     D:2: 392 daAuts
     D:1: 293 daAuts
     D:7: 228 daAuts
     D:8: 89 daAuts
  Lair:1: 54 daAuts
  Temple: 28 daAuts
